 Dungeon Crawl Stone Soup version 0.24-a0-123-ga2403f3307 (webtiles) character file.

Game seed: 0

64637 gillman the Spear-Bearer (level 15, -5/97 HPs)
             Began as an Octopode Chaos Knight on Feb 22, 2019.
             Was a High Priest of Nemelex Xobeh.
             Slain by a two-headed ogre
             ... wielding a +0 giant club
              (14 damage)
             ... while paralysed by an ogre mage
             ... on level 1 of the Orcish Mines.
             The game lasted 00:54:22 (25863 turns).

gillman the Spear-Bearer (Octopode Chaos Knight)   Turns: 25863, Time: 00:54:23

Health: -5/97      AC:  1    Str: 14      XL:     15   Next: 13%
Magic:  0/31       EV:  2    Int: 14 (15) God:    Nemelex Xobeh [*****.]
Gold:   931        SH:  0    Dex: 16 (17) Spells: 9/14 levels left

rFire    + . .     SeeInvis +   g - +5 trident (flame)
rCold    . . .     Gourm    .   L - +3 shield {reflect}
rNeg     . . .     Faith    .   z - +0 hat of Zelo Enu {Slay+6}
rPois    .         Spirit   +   P - amulet of guardian spirit
rElec    .         Reflect  +   U - +4 ring of evasion
rCorr    .         Harm     .   e - ring of stealth
MR       ++...                  Y - ring of protection from magic (curse)
Stlth    +++++.....             t - +4 ring of strength
HPRegen  0.26/turn              i - ring of magical power
MPRegen  0.22/turn              (no ring)
                                (no ring)
                                (no ring)

@: paralysed
A: almost no armour, stealthy swim, amphibious, 8 rings, constrict 8, tentacle
spike 1, large bone plates 1, camouflage 1, see invisible, deterioration 1, fire
resistance 1, frail 1, sense surroundings 1, screaming 1, weak 1, gelatinous
body 1
a: Draw Escape, Draw Destruction, Draw Summoning, Triple Draw, Deal Four, Stack
Five, Renounce Religion


You were on level 1 of the Orcish Mines.
You worshipped Nemelex Xobeh.
Nemelex Xobeh was extremely pleased with you.
You were not hungry.

You visited 4 branches of the dungeon, and saw 21 of its levels.
You also visited: Sewer, Ossuary and Gauntlet.

You collected 1363 gold pieces.
You spent 432 gold pieces at shops.

Inventory:

Hand Weapons
 g - a +5 trident of flaming (weapon)
 n - the +2 short sword of World's End {holy, +Blink MR+ Int-3}
   (You found it on level 3 of the Lair of Beasts)

   It has been blessed by the Shining One to cause great damage to the undead
   and demons.
   It affects your intelligence (-3).
   It affects your resistance to hostile enchantments.
   It lets you blink.
 B - the +10 dagger "Pendulum" {flame, rF+ rN+ Str+2}
   (You found it on level 11 of the Dungeon)

   It has been specially enchanted to burn those struck by it, causing extra
   injury to most foes and up to half again as much damage against particularly
   susceptible opponents.
   It affects your strength (+2).
   It protects you from fire.
   It protects you from negative energy.
Missiles
 s - 3 throwing nets (quivered) {!f}
Armour
 z - the +0 hat of Zelo Enu (worn) {Slay+6}
   (You found it in a Gauntlet)

   It affects your accuracy and damage with ranged weapons and melee attacks
   (+6).
 L - a +3 shield of reflection (worn)
Jewellery
 e - a ring of stealth (right tentacle)
 i - a ring of magical power (on tentacle)
 t - a +4 ring of strength (on tentacle)
 J - an uncursed ring of ice
 P - an amulet of guardian spirit (around mantle)
 Q - an uncursed ring of ice
 U - a +4 ring of evasion (left tentacle)
 Y - a cursed ring of protection from magic (on tentacle)
Wands
 k - a wand of polymorph (31)
 l - a wand of clouds (4)
 v - a wand of scattershot (6)
 C - a wand of flame (12)
 H - a wand of disintegration (8)
 I - a wand of paralysis (18)
 R - a wand of acid (9)
 S - a wand of digging (9)
Scrolls
 h - 5 scrolls of fear
 r - 11 scrolls of teleportation {@r3}
 x - 4 scrolls of identify {@r1}
 y - 4 scrolls of blinking
 A - a scroll of vulnerability
 D - 5 scrolls of fog
 E - 8 scrolls of remove curse {@r2}
 O - 4 scrolls of immolation
 V - 2 scrolls of summoning
Potions
 a - 2 potions of might
 c - 2 potions of flight
 d - 4 potions of resistance
 f - 3 potions of ambrosia
 j - 3 potions of lignification
 o - 7 potions of curing {@q1}
 p - 2 potions of brilliance
 w - a potion of agility
 F - 2 potions of magic
 N - 2 potions of heal wounds
 W - 2 potions of haste
 X - a potion of mutation
Miscellaneous
 u - a phial of floods
 G - a lightning rod (4/4)
 M - 2 sacks of spiders
 T - a box of beasts
Comestibles
 b - 36 rations


   Skills:
 * Level 11.8 Fighting
 - Level 2.3(3.7) Short Blades
   Level 4.5(4.8) Long Blades
   Level 2.0 Maces & Flails
 + Level 13.4 Polearms
 - Level 10.4 Dodging
 - Level 5.1 Stealth
 + Level 11.6 Shields
 + Level 9.8 Invocations
 - Level 6.0 Evocations


You had 9 spell levels left.
You knew the following spells:

 Your Spells              Type           Power        Failure   Level  Hunger
a - Swiftness             Chrm/Air       #.......     54%         2    ###....
b - Mephitic Cloud        Conj/Pois/Air  #.......     78%         3    ####...

Your spell library contained the following spells:

 Spells                   Type           Power        Failure   Level  Hunger
 Shock                    Conj/Air       #...         41%         1    ##.....
 Poisonous Vapours        Pois/Air       #.....       54%         2    ###....
 Conjure Flame            Conj/Fire      #.......     78%         3    ####...
 Static Discharge         Conj/Air       #.......     78%         3    ####...
 Airstrike                Air            #.........   99%         4    #####..
 Lightning Bolt           Conj/Air       #.........   100%        5    ######.
 Freezing Cloud           Conj/Ice/Air   #.........   100%        6    #######
 Ring of Flames           Chrm/Fire      #.........   100%        7    #######


Dungeon Overview and Level Annotations

Branches:
Dungeon (12/15)            Temple (1/1) D:6            Lair (6/6) D:9
  Swamp (0/4) Lair:4       Spider (0/4) Lair:2        Slime (0/5) Lair:6
    Orc (2/2) D:12
    Elf: Orc:2

Altars:
Ashenzari
Cheibriados
Dithmenos
Elyvilon
Fedhas
Gozag
Hepliaklqana
Kikubaaqudgha
Makhleb
Nemelex Xobeh
Okawaru
Qazlal
Ru
Sif Muna
Trog
Uskayaw
Vehumet
Wu Jian
Xom
Yredelemnul
Zin
The Shining One
Jiyva

Shops:
D:5 [   D:11 *

Annotations:
D:9 1 exclusion
Lair:3 1 runed translucent door, Miwiyf's ghost, journeyman DDFi
Lair:4 2 transporters, Bapho's ghost, journeyman MiBe
Orc:1 3 runed translucent doors, valuechan's ghost, journeyman OpCK


Innate Abilities, Weirdness & Mutations

You cannot wear most types of armour.
You are very stealthy in the water. (Stealth+)
You are amphibious.
You can wear up to eight rings at the same time.
You can use your tentacles to constrict eight enemies at once.
Your skin changes colour to match your surroundings (Stealth+).
Your rubbery body absorbs attacks. (AC +1, EV +1)
One of your tentacles bears a spike.
You are partially covered in large bone plates. (SH +4)
You have supernaturally acute eyesight. (SInv)
Your body sometimes deteriorates upon taking damage.
Your flesh is heat resistant. (rF+)
You are frail. (-10% HP)
You passively map a small area around you.
You occasionally shout uncontrollably at your foes.
You are weak. (Str -2)


Message History

There is a stone staircase leading down here.
You barely miss the ogre mage.
Your tentacle spike misses the ogre mage.
The ogre mage misses you.
You completely miss the ogre mage.
You pierce the ogre mage!
The ogre mage gestures at you while chanting.
You suddenly lose the ability to move!
The two-headed ogre hits you with a +0 giant club! x2
The ogre mage hits you with a +0 whip! The ogre mage hits you with a +0 whip.
The two-headed ogre hits you with a +0 giant club!!
Your body deteriorates!
You feel dopey. The two-headed ogre barely misses you.
The ogre mage hits you with a +0 whip! x2
* * * LOW HITPOINT WARNING * * *
The two-headed ogre hits you with a +0 giant club!!
* * * LOW HITPOINT WARNING * * *
The two-headed ogre hits you with a +0 giant club!!
You die...
Xom titters!
Your body glows with a rainbow of weird colours and disappears.

##.......###
##.#....###
###)......#######
##.#).......#.##.##
##.................#
##.#.........^..##.##
#.......)......#####
##.#..O)#......#
#.....@....#..##
#.....O.#...###
##..........##
#...........##
#............##
##.......#...<#
##.##..........######
#..........#.....#..###
##.##.....#..........##


You could see a two-headed ogre and an ogre mage.

Vanquished Creatures
  Snorg (Lair:6)
  An ettin (Lair:4)
  An ogre mage (Orc:2)
  2 catoblepae
  A merfolk avatar (Lair:6)
  5 hydras
  Erica (D:11)
  A queen ant (Gauntlet)
  A death yak (Lair:6)
  6 two-headed ogres
  An unseen horror (D:12)
  2 ugly things
  3 harpies
  An orb spider (shapeshifter) (Gauntlet)
  The ghost of kirsanium the Shield-Bearer, a novice OpFi of Wu Jian (D:5)
  A cyclops (Orc:1)
  23 elephants
  A manticore (shapeshifter) (Gauntlet)
  Joseph (D:8)
  A torpor snail (shapeshifter) (Gauntlet)
  An ice statue (Gauntlet)
  9 black mambas
  A torpor snail (Lair:6)
  16 spiny frogs
  A demonic crawler (Lair:2)
  5 komodo dragons
  3 rime drakes
  A troll (Orc:2)
  A wind drake (Lair:6)
  3 polar bears (Lair:6)
  10 blink frogs
  A hornet (Lair:6)
  5 slime creatures (D:10)
  4 dream sheep (Lair:6)
  7 hippogriffs
  6 spriggans (Lair:1)
  A wraith (D:12)
  27 yaks
  A shadow (D:11)
  2 wyverns
  2 fire bats (Lair:4)
  3 hungry ghosts
  3 basilisks
  2 vampire mosquitoes (D:12)
  4 soldier ants (Gauntlet)
  12 water moccasins
  2 black bears
  12 porcupines
  A phantom (D:5)
  A sky beast (D:5)
  8 orc warriors
  6 ice beasts
  An ogre (shapeshifter) (Gauntlet)
  11 centaurs
  10 ogres
  A wolf (Lair:3)
  20 crocodiles
  9 big kobolds
  13 bullfrogs
  A wyvern zombie (D:12)
  8 scorpions
  3 killer bees (D:7)
  2 howler monkeys
  5 wights (D:11)
  2 electric eels
  2 jellies
  8 crimson imps
  4 centaur zombies
  2 quasits (D:9)
  8 orc priests
  7 hounds
  2 bullfrog skeletons
  A gnoll shaman (D:7)
  A centaur skeleton (D:9)
  9 orc wizards
  3 iguanas
  11 worker ants
  Terence (D:3)
  A killer bee zombie (D:5)
  6 big kobold zombies (Ossuary)
  A hound skeleton (D:5)
  A hound zombie (D:5)
  A mummy (Ossuary)
  2 worker ant zombies
  3 gnolls
  17 adders
  5 shadow imps
  14 oozes
  3 adder zombies
  2 worms
  4 dart slugs (D:3)
  15 leopard geckos
  43 orcs
  3 spectral bats (Ossuary)
  4 ball pythons (Sewer)
  12 giant cockroaches
  6 gnoll zombies (Ossuary)
  4 goblins
  5 hobgoblins
  2 jackals (D:5)
  8 quokkas
  4 bats
  A bat simulacrum (Ossuary)
  5 frilled lizards
  4 goblin simulacra (Ossuary)
  4 goblin zombies (Ossuary)
  5 hobgoblin zombies (Ossuary)
  11 kobolds
  3 kobold simulacra (Ossuary)
  7 kobold zombies (Ossuary)
  2 orc zombies (Ossuary)
  A quokka skeleton (D:5)
  10 rats
  4 rat simulacra (Ossuary)
  2 spectral goblins (Ossuary)
  A spectral kobold (Ossuary)
  8 spectral rats (Ossuary)
  6 fungi
  7 plants
608 creatures vanquished.

Vanquished Creatures (collateral kills)
  A hydra (Lair:6)
  A catoblepas (Lair:3)
  4 elephants
  A torpor snail (Lair:6)
  A komodo dragon (Lair:3)
  A blink frog (Lair:6)
  A hippogriff (Lair:3)
  4 yaks (Lair:1)
  A water moccasin (Lair:3)
  4 wolves (Lair:3)
  A bullfrog (Lair:3)
  2 gnolls (D:2)
  A fungus (Lair:3)
23 creatures vanquished.

Vanquished Creatures (others)
  Psyche (D:8)
  A water moccasin (D:8)
  A swamp drake (Lair:4)
  An ogre (Orc:2)
  2 centaurs (D:12)
  A big kobold (Sewer)
  4 gnolls (D:7)
  4 ball lightnings
  An orc (D:12)
  A demonic plant (Gauntlet)
  27 fungi
  24 plants
68 creatures vanquished.

Grand Total: 699 creatures vanquished

Notes
Turn   | Place    | Note
-------+----------+-------------------------------------------
     0 | D:1      | gillman the Octopode Chaos Knight began the quest for the
                  | Orb.
     0 | D:1      | Reached XP level 1. HP: 16/16 MP: 1/1
    69 | D:1      | XOM: silly message
    69 | D:1      | Reached skill level 1 in Stealth
    69 | D:1      | Reached XP level 2. HP: 13/21 MP: 2/2
   399 | D:1      | XOM: harmless Fire miscast
   466 | D:1      | Reached XP level 3. HP: 14/26 MP: 3/3
   937 | D:1      | XOM: silly message
  1189 | D:2      | Reached XP level 4. HP: 18/31 MP: 4/4
  1422 | D:2      | XOM: give mutation
  1422 | D:2      | Gained mutation: You passively map a small area around you.
                  | [Xom's grace]
  1864 | D:2      | XOM: enchant monster (bad)
  1882 | D:2      | Reached XP level 5. HP: 36/36 MP: 5/5
  2596 | D:3      | Noticed Terence
  2599 | D:3      | Killed Terence
  3172 | D:3      | XOM: divination: detect items
  3239 | D:4      | Reached XP level 6. HP: 38/43 MP: 6/6
  3347 | D:4      | Reached skill level 5 in Stealth
  3389 | D:4      | XOM: harmless Tloc miscast
  3444 | D:4      | Reached XP level 7. HP: 17/48 MP: 7/7
  3465 | D:4      | XOM: harmless Tloc miscast
  3715 | D:4      | Reached skill level 5 in Dodging
  3781 | D:4      | XOM: smoke on damage
  3826 | D:4      | XOM: god gift: club {god gift}
  4008 | D:5      | Entered Level 5 of the Dungeon
  4017 | D:5      | Found a runed translucent door.
  4035 | D:5      | Noticed kirsanium's ghost (novice OpFi)
  4071 | D:5      | Found a radiant altar of Vehumet.
  4151 | D:5      | XOM: harmless Fire miscast
  4159 | D:5      | Found a glowing drain.
  4163 | Sewer    | Entered a sewer
  4165 | Sewer    | XOM: give mutations
  4165 | Sewer    | Gained mutation: You have supernaturally acute eyesight.
                  | (SInv) [Xom's grace]
  4165 | Sewer    | Gained mutation: One of your tentacles bears a spike.
                  | [Xom's grace]
  4315 | Sewer    | Reached skill level 5 in Fighting
  4450 | Sewer    | Reached XP level 8. HP: 55/55 MP: 8/8
  4486 | Sewer    | XOM: harmless Tloc miscast
  4792 | Sewer    | XOM: silly message
  5012 | D:5      | XOM: potion effect (might)
  5033 | D:5      | XOM: smoke on damage
  5046 | D:5      | Found Jiptye's Antique Armour Boutique.
  5123 | D:5      | Reached skill level 1 in Evocations
  5132 | D:5      | Noticed Ijyb
  5346 | D:5      | Noticed Ijyb
  5346 | D:5      | Ijyb changed into Ijyb the centaur
  5349 | D:5      | Noticed Ijyb
  5349 | D:5      | Ijyb the centaur changed into Ijyb the big kobold
  5353 | D:5      | Paralysed by Ijyb for 2 turns
  5356 | D:5      | Killed Ijyb the big kobold
  5356 | D:5      | Reached XP level 9. HP: 60/63 MP: 10/10
  5527 | D:5      | Bought a glowing shield for 172 gold pieces
  5657 | D:6      | XOM: divination: detect creatures
  5688 | D:6      | Found a staircase to the Ecumenical Temple.
  5711 | Temple   | Entered the Ecumenical Temple
  5831 | Temple   | Fell from the grace of Xom
  5831 | Temple   | Became a worshipper of Nemelex Xobeh the Trickster
  6103 | D:6      | XOM: 5-stop teleportation journey
  6148 | D:6      | Received a gift from Nemelex Xobeh
  6193 | D:6      | Reached skill level 1 in Invocations
  6386 | D:6      | Reached skill level 1 in Short Blades
  6821 | D:7      | Found a shadowy altar of Dithmenos.
  6840 | D:7      | Found a sand-covered staircase.
  6852 | Ossuary  | Entered an ossuary
  7393 | Ossuary  | XOM: summons 2 hostile shadow creatures
  7721 | D:7      | Reached * piety under Nemelex Xobeh
  7817 | D:7      | XOM: summons 2 hostile demons
  8267 | D:7      | XOM: mild Hex miscast
  8442 | D:8      | XOM: noise
  8496 | D:8      | Received a gift from Nemelex Xobeh
  8510 | D:8      | Noticed Psyche
  8512 | D:8      | Noticed Joseph
  8554 | D:8      | Killed Joseph
  8554 | D:8      | Reached XP level 10. HP: 50/71 MP: 6/12
  8673 | D:8      | XOM: summons 1 hostile demon
  8755 | D:8      | Reached skill level 10 in Dodging
  8763 | D:8      | XOM: noise
  8776 | D:8      | Killed Psyche
  9165 | D:8      | XOM: divination: detect creatures
  9331 | D:8      | Reached ** piety under Nemelex Xobeh
  9656 | D:9      | XOM: give mutations
  9656 | D:9      | Gained mutation: Your body sometimes deteriorates upon
                  | taking damage. [Xom's mischief]
  9656 | D:9      | Lost mutation: Your body sometimes deteriorates upon taking
                  | damage. [Xom's mischief]
  9656 | D:9      | Gained mutation: Your muscles are strong. (Str +2) [Xom's
                  | mischief]
  9656 | D:9      | Lost mutation: Your muscles are strong. (Str +2) [Xom's
                  | mischief]
  9687 | D:9      | Reached skill level 1 in Maces & Flails
  9980 | D:9      | Received a gift from Nemelex Xobeh
 10291 | D:9      | Reached skill level 1 in Polearms
 10313 | D:9      | Reached skill level 2 in Polearms
 10392 | D:9      | XOM: enchant monster (bad)
 10396 | D:9      | Reached skill level 3 in Polearms
 10555 | D:9      | XOM: summons 2 hostile demons
 10768 | D:9      | Reached skill level 4 in Polearms
 10950 | D:9      | XOM: give mutations
 10950 | D:9      | Gained mutation: You are partially covered in large bone
                  | plates. (SH +4) [Xom's grace]
 10950 | D:9      | Gained mutation: Your flesh is heat resistant. (rF+) [Xom's
                  | grace]
 10950 | D:9      | Gained mutation: You are robust. (+10% HP) [Xom's grace]
 11007 | D:9      | XOM: noise
 11336 | D:9      | Found a staircase to the Lair.
 11465 | D:9      | XOM: give mutations
 11465 | D:9      | Lost mutation: You are robust. (+10% HP) [Xom's mischief]
 11465 | D:9      | Gained mutation: You are frail. (-10% HP) [Xom's mischief]
 11465 | D:9      | Gained mutation: Your body sometimes deteriorates upon
                  | taking damage. [Xom's mischief]
 11555 | D:10     | Entered Level 10 of the Dungeon
 11630 | D:10     | Received a gift from Nemelex Xobeh
 11655 | D:10     | Reached skill level 5 in Polearms
 11760 | D:10     | Reached XP level 11. HP: 69/69 MP: 14/14
 11817 | D:10     | Reached skill level 6 in Polearms
 11832 | D:10     | XOM: medium Tmut miscast
 11869 | D:10     | Gained mutation: You occasionally shout uncontrollably at
                  | your foes. [mutagenic glow]
 11905 | D:10     | Gained mutation: You are weak. (Str -2) [mutagenic glow]
 12024 | D:10     | Reached skill level 7 in Polearms
 12468 | D:10     | XOM: noise
 12630 | D:10     | Reached skill level 8 in Polearms
 12858 | D:10     | XOM: mild Necr miscast
 12859 | D:11     | Reached *** piety under Nemelex Xobeh
 12983 | D:11     | XOM: mild Tloc miscast
 13046 | D:11     | Noticed a green ugly thing
 13055 | D:11     | Killed a green ugly thing
 13165 | D:11     | XOM: 5-stop teleportation journey
 13165 | D:11     | Was forgiven by Xom
 13178 | D:11     | Found Neheogeom's Elemental Accessories.
 13182 | D:11     | Got an encrusted dagger
 13188 | D:11     | Bought a wand of digging (6) for 260 gold pieces
 13332 | D:11     | Received a gift from Nemelex Xobeh
 13508 | D:11     | Noticed Erica
 13512 | D:11     | Killed Erica
 13512 | D:11     | Reached skill level 9 in Polearms
 13680 | D:11     | Noticed a two-headed ogre
 13686 | D:11     | Killed a two-headed ogre
 13939 | D:5      | Reached skill level 10 in Polearms
 13955 | D:5      | Killed kirsanium's ghost
 14222 | Lair:1   | Entered Level 1 of the Lair of Beasts
 14224 | Lair:1   | Reached skill level 5 in Invocations
 14242 | Lair:1   | Reached skill level 1 in Shields
 14459 | Lair:1   | Received a gift from Nemelex Xobeh
 14497 | Lair:1   | Reached XP level 12. HP: 73/73 MP: 16/16
 15555 | Lair:1   | Received a gift from Nemelex Xobeh
 15598 | Lair:1   | Reached skill level 5 in Shields
 15629 | Lair:1   | Identified the +10 dagger "Pendulum" {flame, rF+ rN+ Str+2}
                  | (You found it on level 11 of the Dungeon)
 16022 | Lair:2   | Reached skill level 11 in Polearms
 16336 | Lair:2   | Noticed a six-headed hydra
 16340 | Lair:2   | Killed a six-headed hydra
 16509 | Lair:2   | Noticed a five-headed hydra
 16758 | Lair:2   | Found a hole to the Spider Nest.
 17067 | Lair:2   | Noticed a catoblepas
 17074 | Lair:2   | Killed a catoblepas
 17674 | Lair:3   | Reached **** piety under Nemelex Xobeh
 17714 | Lair:3   | Noticed a catoblepas
 17749 | Lair:3   | Killed a catoblepas
 17942 | Lair:3   | Received a gift from Nemelex Xobeh
 17998 | Lair:3   | Found a runed translucent door.
 17998 | Lair:3   | Found a shimmering altar of Xom.
 17998 | Lair:3   | Noticed Miwiyf's ghost (journeyman DDFi)
 18074 | Lair:3   | Reached XP level 13. HP: 26/79 MP: 7/18
 18460 | Lair:3   | Learned a level 2 spell: Swiftness
 18484 | Lair:3   | Got a smoking short sword
 18511 | Lair:3   | Received a gift from Nemelex Xobeh
 18765 | Lair:3   | Identified the +2 short sword of World's End {holy, +Blink
                  | MR+ Int-3} (You found it on level 3 of the Lair of Beasts)
 18847 | Lair:4   | Noticed an ettin
 18847 | Lair:4   | a five-headed hydra changed into an ettin
 18896 | Lair:4   | Found a transporter.
 18937 | Lair:4   | Found a gate leading to a gauntlet.
 18944 | Gauntlet | Entered a Gauntlet
 18944 | Gauntlet | Found a transporter.
 19108 | Gauntlet | Found a transporter.
 19110 | Gauntlet | Found a transporter.
 19118 | Gauntlet | Found a transporter.
 19120 | Gauntlet | Found a transporter.
 19128 | Gauntlet | Found a transporter.
 19150 | Gauntlet | Found a transporter.
 19160 | Gauntlet | Found a transporter.
 19190 | Gauntlet | Found a transporter.
 19198 | Gauntlet | Noticed a spark wasp
 19198 | Gauntlet | a wolf spider changed into a spark wasp
 19205 | Gauntlet | Found a transporter.
 19205 | Gauntlet | Found a transporter.
 19226 | Gauntlet | Noticed an entropy weaver
 19226 | Gauntlet | an alligator changed into an entropy weaver
 19232 | Gauntlet | an entropy weaver changed into a catoblepas
 19234 | Gauntlet | Noticed a ghost moth
 19234 | Gauntlet | a catoblepas changed into a ghost moth
 19245 | Gauntlet | a ghost moth changed into a catoblepas
 19247 | Gauntlet | Noticed a dire elephant
 19247 | Gauntlet | a catoblepas changed into a dire elephant
 19252 | Gauntlet | Found a transporter.
 19255 | Gauntlet | Noticed a quicksilver dragon
 19255 | Gauntlet | a dire elephant changed into a quicksilver dragon
 19266 | Gauntlet | Found a transporter.
 19366 | Gauntlet | Reached skill level 12 in Polearms
 19570 | Gauntlet | Reached skill level 10 in Shields
 19588 | Gauntlet | Got a blackened hat
 19624 | Gauntlet | Identified the +0 hat of Zelo Enu {Slay+6} (You found it in
                  | a Gauntlet)
 19654 | Gauntlet | Noticed a minotaur
 19656 | Gauntlet | a minotaur changed into a four-headed hydra
 19689 | Lair:4   | Found a staircase to the Swamp.
 19775 | Lair:4   | Noticed Bapho's ghost (journeyman MiBe)
 19792 | Lair:4   | Found a transporter.
 19912 | Lair:4   | Killed an ettin
 19992 | Lair:4   | Received a gift from Nemelex Xobeh
 20415 | Lair:5   | Learned a level 3 spell: Mephitic Cloud
 20440 | Lair:5   | Reached skill level 5 in Evocations
 20817 | Lair:5   | Reached ***** piety under Nemelex Xobeh
 21103 | Lair:5   | Received a gift from Nemelex Xobeh
 21131 | Lair:5   | Reached XP level 14. HP: 87/87 MP: 19/19
 21572 | Lair:6   | Entered Level 6 of the Lair of Beasts
 21572 | Lair:6   | Noticed Snorg
 21584 | Lair:6   | Killed Snorg
 21838 | Lair:6   | Reached skill level 10 in Fighting
 22205 | Lair:6   | Received a gift from Nemelex Xobeh
 22257 | Lair:6   | Reached skill level 13 in Polearms
 22634 | Lair:6   | Found a viscous altar of Jiyva.
 22634 | Lair:6   | Found a staircase to the Slime Pits.
 23976 | D:12     | Received a gift from Nemelex Xobeh
 24222 | D:12     | Received a gift from Nemelex Xobeh
 24889 | D:12     | Found a staircase to the Orcish Mines.
 24998 | D:12     | Received a gift from Nemelex Xobeh
 25131 | Orc:1    | Entered Level 1 of the Orcish Mines
 25221 | Orc:1    | Found a runed translucent gate.
 25221 | Orc:1    | Found a runed translucent gate.
 25222 | Orc:1    | Found a runed translucent gate.
 25225 | Orc:1    | Noticed valuechan's ghost (journeyman OpCK)
 25236 | Orc:1    | Found an iron altar of Okawaru.
 25468 | Orc:2    | Entered Level 2 of the Orcish Mines
 25484 | Orc:2    | Reached XP level 15. HP: 76/96 MP: 22/22
 25860 | Orc:1    | Paralysed by an ogre mage for 4 turns
 25863 | Orc:1    | Slain by a two-headed ogre

Levels and vault maps discovered:
D:1:      erik_arrival_gehennom, layout_loops_cross
D:2:      layout_loops_cross
D:3:      layout_loops_corners, uniq_terence
D:4:      layout_basic
D:5:      layout_rooms, serial_shops, shop, first_ration,
          gup_sewer_entry_spiral, ebering_ghost_sewer_d, vehumet_altar_wand_db,
          uniq_ijyb
D:6:      layout_loops_cross, minmay_temple_entry_statues_pillars
D:7:      layout_basic, nicolae_dithmenos_shadow_blocks, enter_ossuary_1
D:8:      layout_basic, serial_rivers, chequers_serial_rivers_micro_b,
          chequers_serial_rivers_micro_a, chequers_serial_rivers_micro_c,
          chequers_serial_rivers_micro_e, chequers_serial_rivers_large_b,
          uniq_psyche, uniq_joseph
D:9:      layout_basic, grunt_lair_entry_orc_guard_hut, blue_anna_alchemist
          [blue_anna_fruit_fields, blue_anna_fruit_fields]
D:10:     layout_gridville
D:11:     layout_roguey, nicolae_elemental_shop, uniq_erica
D:12:     layout_grid_maze, orc_0_dummy
Temple:   kilobyte_greek_temple
Lair:1:   layout_cave_shapes, wad_woods_01, infiniplex_staircase_pool
Lair:2:   layout_long_grid, nicolae_spider_entry_non_spiders, grunt_megastairs_1
Lair:3:   layout_roguey, ebering_ghost_xom
Lair:4:   layout_gridlike, minmay_swamp_entry_reptiles,
          gammafunk_ghost_berserking_beasts, gauntlet_entry_generic,
          serial_bayou_shore_b, grunt_megastairs_2
Lair:5:   layout_hall_layers, kennysheep_catoblepas_arena
Lair:6:   gammafunk_lair_ancient_temple, layout_gridlike, slime_altar_1,
          serial_bayou_shore_b, uniq_snorg
Orc:1:    layout_caves, gammafunk_ghost_fury_of_okawaru
Orc:2:    st_orc_ogre_mass, layout_caves, gammafunk_ghost_fury_of_okawaru,
          serial_shops, shop
Sewer:    sewer_co_tree
Ossuary:  ossuary_zaba_two_paths
Gauntlet: minmay_gauntlet_77_tree [minmay_gauntlet_arena_77_mess,
          minmay_gauntlet_arena_77_double_cross,
          minmay_gauntlet_arena_77_squiggly,
          minmay_gauntlet_arena_77_chump_sandwich,
          minmay_gauntlet_arena_77_broken_ladder,
          minmay_gauntlet_arena_77_two_paths, minmay_gauntlet_arena_77_museum,
          gauntlet_exit_spiral]

Skill      XL: |  1  2  3  4  5  6  7  8  9 10 11 12 13 14 |
---------------+-------------------------------------------+-----
Stealth        | 1 2 3 4 5 |  5.1
Dodging        | 3 4 6 8 9 10 | 10.4
Long Blades    | 4 |  4.5
Fighting       | 4 5 6 7 8 9 11 | 11.8
Evocations     | 2 4 5 6 |  6.0
Invocations    | 3 4 5 7 9 |  9.8
Short Blades   | 2 |  2.3
Maces & Flails | 2 |  2.0
Polearms       | 5 10 11 12 13 | 13.4
Shields        | 2 8 10 11 | 11.6

Action                   |  1- 3 |  4- 6 |  7- 9 | 10-12 | 13-15 || total
-------------------------+-------+-------+-------+-------+-------++-------
Melee: Falchion          |    56 |   107 |   231 |    67 |       ||   461
       Tentacles         |     6 |    22 |    82 |   166 |   117 ||   393
       Constrict         |    12 |    28 |    96 |    84 |    53 ||   273
       Kick              |       |       |   130 |   238 |   200 ||   568
       Dagger            |       |       |    92 |    17 |       ||   109
       Trident           |       |       |       |   610 |   605 ||  1215
 Abil: Draw Destruction  |       |       |     4 |    16 |    28 ||    48
       Draw Summoning    |       |       |       |     4 |     6 ||    10
       Draw Escape       |       |       |       |     2 |       ||     2
Evoke: Wand              |       |       |    21 |    43 |    18 ||    82
  Use: Scroll            |       |     7 |     9 |    12 |    12 ||    40
       Potion            |       |       |       |     2 |     3 ||     5
 Stab: Sleeping          |     7 |    12 |    47 |    27 |    10 ||   103
       Paralysed         |       |     1 |     7 |     9 |     7 ||    24
       Distracted        |       |     1 |     2 |     4 |     5 ||    12
       Confused          |       |       |     1 |       |       ||     1
       Petrified         |       |       |       |     1 |     1 ||     2
       Fleeing           |       |       |       |       |     1 ||     1
  Eat: Chunk             |     1 |     7 |    12 |    24 |    14 ||    58
       Ration            |       |       |     1 |     3 |     3 ||     7
Armor: Skin              |     4 |     8 |    10 |     8 |     5 ||    35
Dodge: Dodged            |    42 |    70 |   198 |   497 |   185 ||   992
Block: Other             |       |       |       |    34 |       ||    34
       Buckler           |       |       |       |    72 |    19 ||    91
       Shield            |       |       |       |       |   263 ||   263
       Reflection        |       |       |       |       |    19 ||    19
       Rpst.: Falchion   |    12 |    27 |    41 |    16 |       ||    96

Table legend:
 A = Non-vault XP
 B = Vault XP
 C = Vault XP percentage of total XP
 D = Non-vault monster count
 E = Vault monster count
 F = Vault count percentage of total count
                 A         B        C        D         E       F
            +---------+---------+-------+---------+---------+-------
      Total |   61291 |   31048 |  33.6 |     443 |     186 |  29.6
            +---------+---------+-------+---------+---------+-------
        D:1 |      42 |      18 |  30.0 |      17 |       5 |  22.7
        D:2 |     127 |       0 |   0.0 |      21 |       0 |   0.0
        D:3 |      55 |      32 |  36.8 |      18 |       1 |   5.3
        D:4 |     514 |       0 |   0.0 |      31 |       0 |   0.0
        D:5 |     757 |     771 |  50.5 |      24 |      12 |  33.3
        D:6 |     735 |       0 |   0.0 |      14 |       0 |   0.0
        D:7 |     872 |       0 |   0.0 |      19 |       0 |   0.0
        D:8 |    1039 |     885 |  46.0 |      14 |       2 |  12.5
        D:9 |    1893 |     770 |  28.9 |      30 |       6 |  16.7
       D:10 |    3463 |       0 |   0.0 |      40 |       0 |   0.0
       D:11 |    2390 |     918 |  27.8 |      20 |       1 |   4.8
       D:12 |    2991 |       0 |   0.0 |      24 |       0 |   0.0
     Lair:1 |    5571 |    1266 |  18.5 |      30 |       6 |  16.7
     Lair:2 |    5365 |    1564 |  22.6 |      17 |      11 |  39.3
     Lair:3 |    4016 |       0 |   0.0 |      20 |       0 |   0.0
     Lair:4 |    5337 |     619 |  10.4 |      17 |       6 |  26.1
     Lair:5 |    9901 |    1615 |  14.0 |      34 |       3 |   8.1
     Lair:6 |   14908 |   10539 |  41.4 |      43 |      24 |  35.8
      Orc:1 |     868 |    2974 |  77.4 |       6 |       6 |  50.0
      Orc:2 |     447 |    3211 |  87.8 |       4 |       6 |  60.0
      Sewer |       0 |     778 | 100.0 |       0 |      28 | 100.0
    Ossuary |       0 |     232 | 100.0 |       0 |      57 | 100.0
   Gauntlet |       0 |    4856 | 100.0 |       0 |      12 | 100.0
            +---------+---------+-------+---------+---------+-------
